 Dungeon Crawl Stone Soup version 0.30-a0-1074-g5db6f66fbb (webtiles) character file.

Game seed: 11777942693707203829

195 Adrian566 the Poker (level 5, -2/41 HPs)
             Began as a Merfolk Gladiator on Apr 13, 2023.
             Slain by an orc
             ... wielding a +2 vampiric short sword
              (3 damage)
             ... on level 3 of the Dungeon.
             The game lasted 00:02:45 (1555 turns).

Adrian566 the Poker (Merfolk Gladiator)             Turns: 1555, Time: 00:02:45

Health: -2/41      AC:  3    Str: 14    XL:     5   Next: 74%
Magic:  5/5        EV: 15    Int:  7    God:
Gold:   86         SH:  0    Dex: 23    Spells: 4/4 levels left

rFire   . . .      SeeInvis .    a - +0 trident
rCold   . . .      Faith    .    (no shield)
rNeg    . . .      Spirit   .    h - +0 robe of Wonder {-Cast rElec Str-2 Dex+7}
rPois   .          Reflect  .    c - +0 helmet
rElec   +          Rampage  .    (no cloak)
rCorr   .          NoCast   +    (no gloves)
Will    .....                    (no boots)
Stlth   ++                       m - amulet of magic regeneration
HPRegen 0.26/turn                (no ring)
MPRegen 0.49/turn                (no ring)

@: no status effects
A: (nimble swimmer 2), mertail
a: no special abilities


You were on level 3 of the Dungeon.
You visited 1 branch of the dungeon, and saw 3 of its levels.

You collected 86 gold pieces.

Inventory:

Hand Weapons
 a - a +0 trident (weapon)
Missiles
 d - 3 throwing nets (quivered)
 e - a javelin
Armour
 b - a +0 leather armour
 c - a +0 helmet (worn)
 h - the +0 robe of Wonder (worn) {-Cast rElec Str-2 Dex+7}
   (You found it on level 3 of the Dungeon)

   Str:       It affects your strength (-2).
   Dex:       It affects your dexterity (+7).
   rElec:     It insulates you from electricity.
   -Cast:     It prevents spellcasting.
Jewellery
 m - an amulet of magic regeneration (around neck)
Wands
 j - a wand of polymorph (8)
 n - a wand of iceblast (3)
 q - a wand of mindburst (4)
Scrolls
 f - a scroll of identify
 g - a scroll of poison


   Skills:
 + Level 3.3 Fighting
 * Level 6.7 Polearms
 + Level 2.0 Throwing
 + Level 0.8 Armour
 + Level 4.8 Dodging
 + Level 0.3 Stealth


You had 4 spell levels left.
You didn't know any spells.
Your spell library contained the following spells:

 Spells                   Type           Power      Damage    Failure   Level
 Blink                    Tloc           0%         N/A       56%         2
 Lesser Beckoning         Tloc           0%         N/A       56%         2
 Momentum Strike          Conj/Tloc      0%         3d8       56%         2


Dungeon Overview and Level Annotations

Branches:
Dungeon (3/15)

Altars:
Trog


Innate Abilities, Weirdness & Mutations

((You are very nimble when in or above water. (Stealth+, EV+, Speed+++)))
Your lower body shifts to a powerful aquatic tail in water.


Message History

You hit the orc but do no damage.
The orc is moderately wounded.
The orc barely misses you.
You barely miss the orc.
The orc is moderately wounded.
You closely miss the orc.
The orc is moderately wounded.
You hit the orc.
The orc is heavily wounded.
The orc closely misses you.
You closely miss the orc.
The orc is heavily wounded.
The orc hits you with a +0 whip.
The orc hits you with a +2 vampiric short sword.
You hit the orc but do no damage.
The orc is heavily wounded.
The orc hits you with a +2 vampiric short sword.
The orc hits you with a +0 whip.
You are too injured to fight recklessly!
You are too injured to fight recklessly!
You are too injured to fight recklessly!
You are too injured to fight recklessly!
There are monsters nearby!
You are too injured to fight recklessly!
You closely miss the orc. The orc closely misses you. The orc misses you.
You hit the orc but do no damage. The orc hits you with a +0 whip.
* * * LOW HITPOINT WARNING * * *
The orc barely misses you.
You hit the orc but do no damage. The orc hits you with a +0 whip.
* * * LOW HITPOINT WARNING * * *
The orc closely misses you.
You hit the orc but do no damage.
The orc hits you with a +2 vampiric short sword.
* * * LOW HITPOINT WARNING * * *
The orc hits you with a +0 whip.
* * * LOW HITPOINT WARNING * * *
You aren't carrying any potions.
The orc attacks as you move away!
The orc hits you with a +2 vampiric short sword.
You die...

#..###
#§§≈≈≈§..#
###..#
#.≈≈_≈≈..#
#..###
#.≈≈.≈≈..#
# ###..#
#.≈≈.≈≈.##
## #..###
#.≈≈.≈≈.#
.#####..#
#.≈...≈.#
#.##..###
#.≈.8.≈.#
.#.##..#
#.).)...#
..#..###
###@o..##
#.....#
##o###
.#..### .#
#.#.. .#
##..# ##
##.+ ###
## .#


You could see 2 orcs.

Vanquished Creatures
  A hound (D:3)
  An orc priest (D:3)
  2 orc wizards (D:3)
  3 adders
  2 worms
  8 orcs (D:3)
  3 endoplasms
  3 giant cockroaches
  A goblin (D:3)
  2 hobgoblins
  6 jackals
  3 kobolds
  A quokka (D:2)
  A ball python (D:3)
  7 bats
  A frilled lizard (D:3)
  A rat (D:2)
46 creatures vanquished.

Notes
Turn   | Place    | Note
-------+----------+-------------------------------------------
     0 | D:1      | Adrian566 the Merfolk Gladiator began the quest for the
                  | Orb.
     0 | D:1      | Reached XP level 1. HP: 16/16 MP: 1/1
   281 | D:1      | Reached XP level 2. HP: 21/23 MP: 2/2
   434 | D:2      | HP: 1/23 [worm (4)]
   564 | D:2      | Reached skill level 5 in Polearms
   564 | D:2      | Reached XP level 3. HP: 12/28 MP: 3/3
  1181 | D:3      | Reached XP level 4. HP: 13/34 MP: 4/4
  1201 | D:3      | Identified the +0 robe of Wonder {-Cast rElec Str-2 Dex+7}
  1288 | D:3      | Reached skill level 6 in Polearms
  1288 | D:3      | Reached XP level 5. HP: 39/41 MP: 5/5
  1459 | D:3      | Found a bloodstained altar of Trog.
  1554 | D:3      | HP: 1/41 [orc/+0 whip (2)]
  1555 | D:3      | Slain by an orc

Illustrated notes

Levels and vault maps discovered:
D:1:      dpeg_arrival_snail, layout_rooms
D:2:      layout_rooms, feat_on_display
D:3:      minmay_razor_zed, layout_loops_cross, mainiacjoe_overflow_catwalk,
          mainiacjoe_overflow_six_doors_small, ebering_ghost_sewer_d

Skill      XL: |  1  2  3  4 |
---------------+-------------+-----
Polearms       | 5 6 |  6.7
Fighting       | 3 |  3.3
Throwing       | |  2.0
Armour         | |  0.8
Dodging        | |  4.8
Stealth        | |  0.3

Action                     |  1- 3 |  4- 6 || total
---------------------------+-------+-------++-------
  Melee: Trident           |   152 |    75 ||   227
         Punch             |     1 |     1 ||     2
    Use: Scroll            |     6 |       ||     6
         Potion            |     5 |     2 ||     7
   Stab: Sleeping          |       |     2 ||     2
 Armour: Leather armour    |    59 |     3 ||    62
         Robe              |       |     2 ||     2
  Dodge: Dodged            |   138 |    21 ||   159

Table legend: (Time is in decaauts)
 A = Elapsed time spent in this place.
 B = Non-inter-level travel time spent in this place.
 C = Inter-level travel time spent in this place.
 D = Time resting spent in this place.
 E = Time spent auto-exploring this place.
 F = Levels seen in this place.
 G = Mean time per level.
                   A        B        C        D        E       F      G
               +--------+--------+--------+--------+--------+-----+--------+
         Total |   1554 |   1505 |     49 |      0 |   1087 |   3 |  518.0 |
       Dungeon |   1554 |   1505 |     49 |      0 |   1087 |   3 |  518.0 |
               +--------+--------+--------+--------+--------+-----+--------+

Top non-repeatable levels by time:
     D:2: 618 daAuts
     D:3: 534 daAuts
     D:1: 401 daAuts
